 Dungeon Crawl Stone Soup version 0.31-a0-154-g56bf346678 (webtiles) character file.

Game seed: 3424654141189252710

7513 mopl the Ruffian (level 10, -1/102 HPs)
             Began as a Troll Delver on June 11, 2023.
             Was a High Priest of Okawaru.
             Slain by a troll (8 damage)
             ... on level 8 of the Dungeon.
             The game lasted 00:10:21 (7477 turns).

mopl the Ruffian (Troll Delver)                     Turns: 7477, Time: 00:10:22

Health: -1/102     AC:  9    Str: 22    XL:     10   Next: 95%
Magic:  11/13      EV: 13    Int:  6    God:    Okawaru [*****.]
Gold:   485        SH:  0    Dex: 15    Spells: 9/9 levels left

rFire   . .          .
                       - Unarmed
rCold   . . .        (no shield)
rNeg    . . .        I - +0 steam dragon scales
rPois   .            (helmet restricted)
rElec   .            r - +0 cloak
rCorr   .            (gloves unavailable)
SInv    .            (boots unavailable)
Will    .....        O - amulet of regeneration
Stlth   ++++         (no ring)
HPRegen 1.97/turn    (no ring)
MPRegen 0.13/turn

%: no passive effects
@: heroic
A: large, unfitting armour, claws 3, regeneration 1, shaggy fur 1, tough skin 1
a: Renounce Religion, Heroism, Finesse, Duel


You were on level 8 of the Dungeon.
You worshipped Okawaru.
Okawaru was extremely pleased with you.
You visited 2 branches of the dungeon, and saw 10 of its levels.

You collected 507 gold pieces.
You spent 22 gold pieces at shops.

Inventory:

Hand Weapons
 A - a +2 spear of venom
 Q - the +4 war axe "Xajamuig" {holy, rElec rN+ Int+5 Dex-3}
   (You found it on level 8 of the Dungeon)

   Int:       It affects your intelligence (+5).
   Dex:       It affects your dexterity (-3).
   rElec:     It insulates you from electricity.
   rN:        It protects you from negative energy.
Missiles
 h - 12 poisoned darts
 D - 6 curare-tipped darts
 E - a boomerang
 G - a throwing net
 L - 10 large rocks
Armour
 r - a +0 cloak (worn)
 w - a +1 robe of positive energy
 I - +0 steam dragon scales (worn)
Magical Staves
 N - a staff of poison
 P - the staff of cold "Bodumo Womm" {rC+ Int+2}
   (You found it on level 8 of the Dungeon)

   [staff of cold]

   Base accuracy: +5 Base damage: 5 Base attack delay: 1.2 This weapon's minimum
   attack delay (0.6) is reached at skill level 12.
   Int:       It affects your intelligence (+2).
   rC:        It protects you from cold.
   It falls into the 'Staves' category.
   It is a one-clawed weapon.
Jewellery
 O - an amulet of regeneration (around neck)
Wands
 f - a wand of digging (3)
 p - a wand of paralysis (9)
 u - a wand of flame (42)
 x - a wand of polymorph (7)
 B - a wand of light (8)
Scrolls
 a - 2 scrolls of blinking {unknown}
 b - a scroll of fog
 c - 5 scrolls of magic mapping
 d - 5 scrolls of fear
 g - 2 scrolls of vulnerability {unknown}
 i - 6 scrolls of identify
 m - 2 scrolls of teleportation {unknown}
 n - 2 scrolls of noise {unknown}
 o - a scroll of acquirement {unknown}
 q - 5 scrolls of enchant weapon {unknown}
 v - 2 scrolls of immolation {unknown}
 y - 2 scrolls of enchant armour {unknown}
 z - 2 scrolls of brand weapon {unknown}
 H - a scroll of poison {unknown}
 J - a scroll of torment {unknown}
Potions
 e - 6 potions of haste
 j - 7 potions of curing {unknown}
 k - 2 potions of lignification {unknown}
 l - 3 potions of attraction {unknown}
 s - a potion of might {unknown}
 t - a potion of brilliance {unknown}
 C - a potion of enlightenment {unknown}
 F - a potion of heal wounds {unknown}
 K - a potion of magic {unknown}
Miscellaneous
 M - a tin of tremorstones (2/2)


   Skills:
 - Level 7.0(12.0) Fighting
 - Level 7.0(12.0) Throwing
 + Level 1.9(6.9) Armour
 + Level 2.6(7.6) Dodging
 - Level 2.7(7.7) Stealth
 - Level 7.0(12.0) Unarmed Combat
 + Level 6.1 Invocations
 + Level 5.9 Evocations


You had 9 spell levels left.
You didn't know any spells.
Your spell library contained the following spells:

 Spells                   Type           Power      Damage    Failure   Level
 Apportation              Tloc           0%         N/A       45%         1
 Necrotise                Necr           0%         1d4       45%         1
 Sting                    Tmut/Pois      0%         1d3       45%         1
 Lesser Beckoning         Tloc           0%         N/A       58%         2
 Gell's Gravitas          Tloc           0%         N/A       83%         3
 Teleport Other           Tloc           0%         N/A       83%         3
 Blade Hands              Tmut           0%         N/A       100%        5
 Irradiate                Conj/Tmut      0%         3d11      100%        5
 Dragon Form              Tmut           0%         N/A       100%        7
 Summon Small Mammal      Summ           Unusable   N/A       N/A         1

Dungeon Overview and Level Annotations

Branches:
Dungeon (9/15)             Temple (1/1) D:6
   Lair: D:8-11         Orc: D:9-12

Altars:
Ashenzari
Cheibriados
Dithmenos
Elyvilon
Fedhas
Gozag
Hepliaklqana
Kikubaaqudgha
Makhleb
Nemelex Xobeh
Okawaru
Ru
Sif Muna
Trog
Uskayaw
Vehumet
Wu Jian
Xom
Yredelemnul
Zin
The Shining One

Shops:
D:1 *

Annotations:
D:4 2 transporters, Anon1729's ghost, amateur MeMo
D:9 Grum


Innate Abilities, Weirdness & Mutations

You are too large for most types of armour.
You have claws for hands.
Your natural rate of healing is unusually fast.
You are covered in fur. (AC +1)
You have tough skin. (AC +1)


Message History

* * * LOW HITPOINT WARNING * * *
The wolf bites you.
* * * LOW HITPOINT WARNING * * *
The wolf barely misses you. The troll attacks as you move away!
The troll bites you.
* * * LOW HITPOINT WARNING * * *
The troll claws you.
* * * LOW HITPOINT WARNING * * *
The troll claws you but does no damage.
You gain the combat prowess of a mighty hero.
The wolf bites you.
* * * LOW HITPOINT WARNING * * *
The wolf bites you but does no damage.
You claw the wolf!
The wolf is moderately wounded.
The wolf barely misses you.
You closely miss the wolf.
The wolf is moderately wounded.
The wolf completely misses you. The wolf closely misses you.
You scratch the wolf.
The wolf is heavily wounded.
The wolf bites you.
* * * LOW HITPOINT WARNING * * *
You scratch the wolf.
The wolf is severely wounded.
The wolf barely misses you.
You claw the wolf!
You kill the wolf!
Okawaru accepts your kill.
You mangle the troll!!
The troll is severely wounded.
The troll bites you!
* * * LOW HITPOINT WARNING * * *
The troll closely misses you. The troll misses you.
You barely miss the troll.
The troll is heavily wounded.
The troll bites you.
* * * LOW HITPOINT WARNING * * *
The troll claws you!
You die...

#.....# ##.....##.....## #.....#
#...###.....### #8...8#
#######..##.#.#.####.
###©.©#######.......##.#.#.#.##..
8###.###8.....###..##.#.#.#.#.#..
.©#####©......# ##.#.#.#.#.#.#...
...###........# #.##.#.#.#.#.#..
.©#####©......####.#.#.#.#.#.#..#
8###.###8......T@..##.#.#.#.#.###
###©.©#######>.###.#.#.#.#.#)#.#.
#8...8# #..# #.##.#.#.#.#.##.
#.....# ##..# #..##.#.#.#.##..
#.....# #...####..##.#.#.##..#
#.....# #..........#######..##
#.....# #...#####..........##
###.### ##### #....#####.# ##.#
#..........#


You could see a troll.

Vanquished Creatures
  2 centaur warriors (D:8)
  Pikel (D:4)
  2 cyclopes (D:8)
  Joseph (D:7)
  A kobold demonologist (D:8)
  A troll (D:8)
  2 dream sheep (D:7)
  A shadow (D:8)
  A vampire mosquito (D:8)
  3 steam dragons (D:8)
  An acid dragon (D:7)
  A water moccasin (D:5)
  2 sky beasts (D:7)
  5 ice beasts
  2 orc warriors
  2 ogres
  A wolf (D:8)
  2 phantoms
  4 lemures (D:4)
  2 kobold brigands (D:8)
  The ghost of FlatIsJustice the Digger, an amateur DEEE (D:3)
  4 bullfrogs
  2 scorpions
  3 wights (D:7)
  3 killer bees (D:8)
  2 hounds
  A jelly (D:8)
  A sleepcap (D:7)
  A gnoll bouda (D:7)
  3 orc priests
  8 orc wizards
  Natasha (thrice) (D:2)
  4 iguanas
  5 gnolls
  8 adders
  A shadow imp (D:6)
  2 white imps
  An ufetubus (D:6)
  3 dart slugs
  41 orcs
  4 ball pythons
  11 endoplasms
  4 giant cockroaches
  14 goblins
  10 hobgoblins
  9 jackals
  3 quokkas (D:1)
  6 bats
  4 frilled lizards
  15 kobolds
  9 rats
223 creatures vanquished.

Notes
Turn   | Place    | Note
-------+----------+-------------------------------------------
     0 | D:5      | mopl the Troll Delver began the quest for the Orb.
     0 | D:5      | Reached XP level 1. HP: 22/22 MP: 0/0
    37 | D:5      | Noticed an ogre
    44 | D:5      | Killed an ogre
    45 | D:5      | Reached skill level 3 in Fighting
    45 | D:5      | Reached skill level 3 in Unarmed Combat
    45 | D:5      | Reached XP level 2. HP: 31/31 MP: 1/1
    45 | D:5      | Reached XP level 3. HP: 37/37 MP: 2/2
    45 | D:5      | Reached XP level 4. HP: 45/45 MP: 3/3
   403 | D:3      | Found a runed translucent gate.
   425 | D:3      | Noticed FlatIsJustice's ghost (amateur DEEE)
   427 | D:3      | Found a runed translucent gate.
   428 | D:3      | Found a runed translucent gate.
   444 | D:3      | Reached skill level 4 in Unarmed Combat
   444 | D:3      | Reached XP level 5. HP: 54/54 MP: 4/4
   660 | D:1      | Found Vagrout's General Store.
   769 | D:1      | Found a faded altar of an unknown god.
   784 | D:1      | Got Plato's Directory of Putrescence
   826 | D:1      | Bought a scroll of identify for 22 gold pieces
   951 | D:1      | Reached skill level 4 in Fighting
  1660 | D:2      | Noticed Natasha
  1673 | D:2      | Killed Natasha
  2231 | D:2      | Noticed Natasha
  2240 | D:2      | Killed Natasha
  2631 | D:2      | Noticed Natasha
  2642 | D:2      | Killed Natasha
  2643 | D:2      | Reached XP level 6. HP: 25/63 MP: 5/5
  3126 | D:3      | Reached skill level 5 in Unarmed Combat
  3302 | D:3      | Killed FlatIsJustice's ghost
  3336 | D:4      | Found a transporter.
  3339 | D:4      | Noticed Anon1729's ghost (amateur MeMo)
  3393 | D:4      | Found a transporter.
  3442 | D:4      | Noticed Pikel
  3487 | D:4      | Killed Pikel
  3488 | D:4      | Reached skill level 5 in Fighting
  3488 | D:4      | Reached skill level 2 in Throwing
  3488 | D:4      | Reached skill level 1 in Evocations
  3488 | D:4      | Reached XP level 7. HP: 54/72 MP: 6/6
  3679 | D:4      | Reached skill level 6 in Unarmed Combat
  3691 | D:4      | Reached skill level 2 in Evocations
  3691 | D:4      | Reached XP level 8. HP: 61/81 MP: 7/7
  4221 | D:5      | Found an ancient bone altar of Kikubaaqudgha.
  4357 | D:5      | Identified the +5 short sword "Noefrev" {antimagic, Int+6}
  4369 | D:5      | Reached skill level 3 in Throwing
  4607 | D:6      | Found a staircase to the Ecumenical Temple.
  4616 | Temple   | Entered the Ecumenical Temple
  4633 | Temple   | Became a worshipper of Warmaster Okawaru
  4764 | D:6      | Found a glowing golden altar of the Shining One.
  4776 | D:6      | Found a bloodstained altar of Trog.
  4779 | D:6      | Found a snail-covered altar of Cheibriados.
  4782 | D:6      | Found a shadowy altar of Dithmenos.
  4842 | D:6      | Reached skill level 1 in Invocations
  4850 | D:6      | Reached skill level 6 in Fighting
  4915 | D:6      | Reached skill level 3 in Evocations
  4991 | D:6      | Reached * piety under Okawaru
  5215 | D:6      | Reached skill level 7 in Unarmed Combat
  5215 | D:6      | Reached XP level 9. HP: 80/89 MP: 9/9
  5409 | D:6      | Reached skill level 4 in Throwing
  5409 | D:6      | Reached skill level 2 in Invocations
  5609 | D:7      | Reached ** piety under Okawaru
  5631 | D:7      | Reached skill level 3 in Invocations
  5755 | D:7      | Reached skill level 4 in Evocations
  5882 | D:7      | Noticed Joseph
  5904 | D:7      | Killed Joseph
  5905 | D:7      | Reached skill level 5 in Throwing
  5994 | D:7      | Reached skill level 7 in Fighting
  6019 | D:7      | Reached skill level 4 in Invocations
  6285 | D:8      | Reached *** piety under Okawaru
  6286 | D:8      | Reached XP level 10. HP: 37/102 MP: 12/12
  6692 | D:8      | Found a transporter.
  6695 | D:8      | Found a transporter.
  6736 | D:8      | Found a transporter.
  6741 | D:8      | Found a transporter.
  6993 | D:8      | Noticed a cyclops
  6997 | D:8      | Noticed a centaur warrior
  7005 | D:8      | Killed a centaur warrior
  7005 | D:8      | Reached **** piety under Okawaru
  7006 | D:8      | Reached skill level 6 in Throwing
  7006 | D:8      | Reached skill level 5 in Invocations
  7006 | D:8      | Reached skill level 5 in Evocations
  7009 | D:8      | Killed a cyclops
  7128 | D:8      | Noticed a cyclops
  7133 | D:8      | Killed a cyclops
  7138 | D:8      | Noticed a centaur warrior
  7149 | D:8      | Killed a centaur warrior
  7149 | D:8      | Reached ***** piety under Okawaru
  7150 | D:8      | Reached skill level 7 in Throwing
  7150 | D:8      | Reached skill level 1 in Armour
  7150 | D:8      | Reached skill level 2 in Dodging
  7161 | D:8      | Reached skill level 6 in Invocations
  7227 | D:8      | Identified the staff of cold "Bodumo Womm" {rC+ Int+2}
  7232 | D:8      | Identified the +4 war axe "Xajamuig" {holy, rElec rN+ Int+5
                  | Dex-3}
  7251 | D:8      | Identified the +5 plate armour "Xusuam" {rElec Will+}
  7462 | D:9      | Noticed Grum
  7477 | D:8      | Slain by a troll

Illustrated notes

Levels and vault maps discovered:
D:1:      dpeg_arrival_oval, layout_basic, serial_shops, nicolae_shop_peninsula,
          shapermc_ecumenical_altar_rom_forum
D:2:      layout_basic, uniq_natasha
D:3:      layout_loops_ring, gammafunk_ghost_split, kennysheep_donut,
          minmay_goblin_kobold_house
D:4:      layout_loops_corners, gammafunk_ghost_mausoleum,
          chequers_serial_rivers_micro_a, minmay_circle_x, uniq_pikel
D:5:      layout_basic, mainiacjoe_overflow_large_starburst
D:6:      layout_cave_pods, grunt_temple_overflow_cloverleaf,
          minmay_temple_entry_statues_fountains
D:7:      layout_cave_pods, dreamdust_gnoll_shepherd, uniq_joseph
D:8:      minmay_the_grid_octo_triangle [minmay_the_grid_octo_checkered,
          minmay_the_grid_octo_prize_single_spiral,
          minmay_the_grid_octo_pinwheel], layout_loops_ring,
          nicolae_transporter_circle
D:9:      layout_rooms, minivault_20, nrook_campfire, grunt_decor_mini_mirrors,
          minmay_guarded_unrand_resistance, uniq_grum
Temple:   hellmonk_temple_two_chambers

Skill      XL: |  1  2  3  4  5  6  7  8  9 10 |
---------------+-------------------------------+-----
Fighting       | 3 4 5 6 7 |  7.0
Unarmed Combat | 3 4 5 6 7 |  7.0
Throwing       | 2 3 5 7 |  7.0
Evocations     | 1 2 3 4 5 |  5.9
Invocations    | 1 4 6 |  6.1
Armour         | 1 |  1.9
Dodging        | 2 |  2.6
Stealth        | |  2.7

Action                     |  1- 3 |  4- 6 |  7- 9 | 10-12 || total
---------------------------+-------+-------+-------+-------++-------
  Melee: Unarmed           |     3 |   296 |   280 |   146 ||   725
         Punch             |       |     7 |    14 |     7 ||    28
 Invoke: Heroism           |       |       |       |     2 ||     2
   Stab: Sleeping          |       |    14 |     4 |     2 ||    20
         Distracted        |       |     1 |     1 |       ||     2
 Armour: Robe              |       |    78 |    84 |    14 ||   176
         Steam dragon scal |       |       |       |    52 ||    52
  Dodge: Dodged            |     1 |   107 |    91 |    63 ||   262

Table legend: (Time is in decaauts)
 A = Elapsed time spent in this place.
 B = Non-inter-level travel time spent in this place.
 C = Inter-level travel time spent in this place.
 D = Time resting spent in this place.
 E = Time spent auto-exploring this place.
 F = Levels seen in this place.
 G = Mean time per level.
                   A        B        C        D        E       F      G
               +--------+--------+--------+--------+--------+-----+--------+
         Total |   7400 |   7222 |    178 |    387 |   5248 |  10 |  740.0 |
       Dungeon |   7370 |   7201 |    169 |    387 |   5248 |   9 |  818.9 |
        Temple |     30 |     21 |      9 |      0 |      0 |   1 |   30.0 |
               +--------+--------+--------+--------+--------+-----+--------+

Top non-repeatable levels by time:
     D:2: 1326 daAuts
     D:8: 1158 daAuts
     D:4: 924 daAuts
     D:3: 873 daAuts
     D:1: 859 daAuts
     D:7: 852 daAuts
     D:6: 773 daAuts
     D:5: 590 daAuts
  Temple: 30 daAuts
     D:9: 11 daAuts
